 Dungeon Sprint DCSS version 0.28.0-43-g3370ac3207 (webtiles) character file.

Game seed: 3188291471576171976

15652 boopmooplesden the Minotaur Blade (level 12, -11/156 HPs)
             Began as a Minotaur Berserker on Mar 15, 2022.
             Was the Champion of Trog.
             Mangled by a fire giant
             ... wielding a +2 great sword of flaming
              (25 damage)
             ... in the Dungeon (Sprint I: "Red Sonja").
             The game lasted 00:08:22 (2980 turns).

boopmooplesden the Minotaur Blade (MiBe)            Turns: 2980, Time: 00:08:22

Health: -11/156    AC: 19    Str: 24      XL:     12   Next: 3%
Magic:  11/11      EV: 14    Int:  3 (4)  God:    Trog [******]
Gold:   2734       SH:  4    Dex: 16      Spells: 11/11 levels left

rFire   + . .      SeeInvis .   x - +9 quarterstaff of Fragile Peace {vorpal, rElec rN+++ rCorr Dex-3}
rCold   x . .      Faith    .   (shield currently unavailable)
rNeg    + + +      Spirit   .   j - +0 chain mail
rPois   +          Reflect  .   (helmet restricted)
rElec   +          Harm     .   p - +2 cloak {rPois}
rCorr   +          Rampage  .   (no gloves)
Will    .....      NoTele   +   b - +0 pair of boots
Stlth   ..........              (no amulet)
HPRegen 0.36/turn               u - ring "Vaodgheru" {rElec rCorr MP-9 Str+3 Dex+5}
MPRegen 0.12/turn               l - ring "Qoarur" {Fire rPois rCorr MP+9 Dex+4}

@: berserking, unable to read, very quick
A: horns 2, retaliatory headbutt, large bone plates 1, clumsy 1, deterioration
1, frail 2, sense surroundings 1, screaming 1, weak 2, no potion heal 1,
inability to read while threatened
a: Renounce Religion, Berserk, Trog's Hand, Brothers in Arms


You were in the Dungeon.
You worshipped Trog.
Trog was exalted by your worship.
You visited 1 branch You collected 4034 gold pieces.
You spent 1300 gold pieces at shops.

Inventory:

Hand Weapons
 a - a +0 falchion
 q - a +2 great sword of flaming
 x - the +9 quarterstaff of Fragile Peace (weapon) {vorpal, rElec rN+++ rCorr Dex-3}
   (Trog gifted it to you in the Dungeon)

   It inflicts extra damage upon your enemies.
   Dex:       It affects your dexterity (-3).
   rElec:     It insulates you from electricity.
   rN:        It renders you almost immune to negative energy.
   rCorr:     It protects you from acid and corrosion.
 y - a +5 great sword
 z - a +4 scimitar of holy wrath
Armour
 b - a +0 pair of boots (worn)
 j - a +0 chain mail (worn)
 p - a +2 cloak of poison resistance (worn)
 A - a +0 tower shield
Jewellery
 l - the ring "Qoarur" (right hand) {Fire rPois rCorr MP+9 Dex+4}
   (You acquired it in the Dungeon)

   [ring of fire]

   It enhances your fire magic.
   Dex:       It affects your dexterity (+4).
   rF:        It protects you from fire.
   rC:        It makes you vulnerable to cold.
   rPois:     It protects you from poison.
   MP:        It affects your magic capacity (+9).
   rCorr:     It protects you from acid and corrosion.
 u - the ring "Vaodgheru" (left hand) {rElec rCorr MP-9 Str+3 Dex+5}
   (You bought it in a shop in the Dungeon)

   [ring of resist corrosion]

   Str:       It affects your strength (+3).
   Dex:       It affects your dexterity (+5).
   rElec:     It insulates you from electricity.
   MP:        It affects your magic capacity (-9).
   rCorr:     It protects you from acid and corrosion.
Wands
 i - a wand of iceblast (21)
 r - a wand of polymorph (3)
 s - a wand of acid (3)
 v - a wand of paralysis (8)
 w - a wand of digging (5)
Scrolls
 h - 2 scrolls of blinking
 m - a scroll of identify {unknown}
 n - a scroll of enchant armour {unknown}
 o - a scroll of amnesia {unknown}
 t - 3 scrolls of magic mapping {unknown}
Potions
 c - 4 potions of curing
 e - a potion of haste
 f - 2 potions of magic
 g - a potion of berserk rage
 k - a potion of lignification {unknown}


   Skills:
 + Level 19.5 Fighting
 + Level 21.6 Long Blades
 + Level 8.5 Staves
 + Level 17.5 Armour
 + Level 10.2 Dodging
 + Level 2.4 Stealth
 + Level 1.7 Shields
 + Level 0.7 Evocations


You had 11 spell levels left.
You didn't know any spells.
Your spell library was empty.

Dungeon Overview and Level Annotations

Branches:
Dungeon (1/1)

Altars:
Cheibriados
Dithmenos
Elyvilon
Fedhas
Gozag
Hepliaklqana
Kikubaaqudgha
Makhleb
Nemelex Xobeh
Okawaru
Qazlal
Ru
Sif Muna
Trog
Uskayaw
Vehumet
Wu Jian
Xom
Yredelemnul
Zin
The Shining One
Jiyva
Lugonu

Shops:
D !![::[==?=[*:?[?*(([(


Innate Abilities, Weirdness & Mutations

You have a pair of horns on your head.
You reflexively headbutt those who attack you in melee.
You are partially covered in large bone plates. (SH +4)
You are clumsy. (Dex -2)
Your body sometimes deteriorates upon taking damage.
You are very frail. (-20% HP)
You passively map a small area around you.
You occasionally shout uncontrollably at your foes.
You are very weak. (Str -4)
Potions are less effective at restoring your health.
You sometimes lose the ability to read scrolls when taking damage.


Message History

A fire giant is nearby!
The fire giant hits you with a +2 great sword of flaming!!
You feel threatened and lose the ability to read scrolls!
The fire giant burns you.
You hit the fire giant.
The fire giant is lightly wounded.
The fire giant completely misses you.
You sock the fire giant!
The fire giant is moderately wounded.
You sock the fire giant! You headbutt the fire giant!
The fire giant is heavily wounded.
The fire giant hits you with a +2 great sword of flaming!
The fire giant burns you.
* * * LOW HITPOINT WARNING * * *
You sock the fire giant!
The fire giant is severely wounded.
You can read scrolls again.
The fire giant points at you and mumbles some strange words.
The fireball explodes!
The fireball engulfs you! You resist.
* * * LOW HITPOINT WARNING * * *
The fireball engulfs the fire giant.
The fire giant resists.
You barely miss the fire giant.
The fire giant is severely wounded.
The fire giant hits you with a +2 great sword of flaming.
* * * LOW HITPOINT WARNING * * *
You sock the fire giant!
The fire giant is severely wounded.
The fire giant hits you with a +2 great sword of flaming!
You feel threatened and lose the ability to read scrolls!
* * * LOW HITPOINT WARNING * * *
Your system partially rejects the healing.
You feel much better.
The fire giant points at you and mumbles some strange words.
The fireball explodes!
The fireball engulfs you! You resist.
* * * LOW HITPOINT WARNING * * *
The fireball engulfs the fire giant!
The fire giant resists.
A red film seems to cover your vision as you go berserk!
You feel yourself moving faster!
You feel mighty!
The fire giant hits you with a +2 great sword of flaming!!
You die...

..'..#.#.###§§§#####*
###.§'.#'#.###'#))(##
§##)####...#.#.##...#
,,
.#.○.°.#.....#..###.#
,
.#○○☼..')..○.##...#.#
,
'###.○°#..°..#...##.#
*
.'.#○..###'○##.##...#
*
##.#.○###..###..#'###
,
##.#.○####..###.@.#,
##§##'#..#..#.###C#
≈,
##.##(#...°...○.#.# ,
.'.####....○....#.#,
, *
##.#..'..○...####'#,
†#§#####○○.###....# ,
#§.# ,#####...####,
≈≈ #### ...C.## , ≈ #
, , .### ,


You could see a fire giant.

Vanquished Creatures
  A daeva (D)
  A lorocyproca (D)
  2 centaur warriors (D)
  Sonja (D)
  A deep troll (D)
  A lindwurm (D)
  8 shining eyes (D)
  An oklob plant (D)
  A gargoyle (D)
  7 unseen horrors (D)
  2 kobold demonologists (D)
  4 demonic crawlers (D)
  A meliai (D)
  A hornet (D)
  A slime creature (D)
  Sigmund (D)
  A yak (D)
  13 hogs (D)
  2 redbacks (D)
  6 floating eyes (D)
  7 necrophages (D)
  An ogre (D)
  8 jellies (D)
  Ijyb (D)
73 creatures vanquished.

Vanquished Creatures (others)
  A gargoyle (D)
  2 ballistomycete spores (D)
3 creatures vanquished.

Grand Total: 76 creatures vanquished

Notes
Turn   | Place    | Note
-------+----------+-------------------------------------------
     0 | D        | boopmooplesden the Minotaur Berserker began the quest for
                  | the Orb.
     0 | D        | Reached XP level 1. HP: 19/19 MP: 0/0
     3 | D        | Noticed Ijyb
     8 | D        | Killed Ijyb
     9 | D        | Reached skill level 5 in Fighting
     9 | D        | Reached skill level 5 in Long Blades
     9 | D        | Reached XP level 2. HP: 29/29 MP: 1/1
    48 | D        | Noticed an ogre
    52 | D        | Killed an ogre
    53 | D        | Reached skill level 7 in Long Blades
    53 | D        | Reached XP level 3. HP: 40/40 MP: 2/2
    53 | D        | Reached XP level 4. HP: 48/48 MP: 3/3
    92 | D        | Noticed Sigmund
    96 | D        | Killed Sigmund
    96 | D        | Reached ** piety under Trog
    97 | D        | Reached skill level 10 in Long Blades
    97 | D        | Reached skill level 5 in Armour
    97 | D        | Reached XP level 5. HP: 58/58 MP: 4/4
   220 | D        | Found a burning altar of Makhleb.
   220 | D        | Found a viscous altar of Jiyva.
   220 | D        | Found a shimmering altar of Xom.
   220 | D        | Found a corrupted altar of Lugonu.
   220 | D        | Noticed a slime creature
   225 | D        | Killed a slime creature
   226 | D        | Reached skill level 11 in Long Blades
   226 | D        | Reached skill level 5 in Dodging
   226 | D        | Reached XP level 6. HP: 68/68 MP: 5/5
   265 | D        | Noticed a kobold demonologist
   267 | D        | Noticed a floating eye
   267 | D        | Noticed a kobold demonologist
   269 | D        | Killed a floating eye
   270 | D        | Reached skill level 12 in Long Blades
   270 | D        | Reached XP level 7. HP: 74/74 MP: 6/6
   273 | D        | Killed a kobold demonologist
   273 | D        | Reached *** piety under Trog
   274 | D        | Reached skill level 13 in Long Blades
   289 | D        | Killed a kobold demonologist
   290 | D        | Reached skill level 14 in Long Blades
   290 | D        | Reached XP level 8. HP: 72/86 MP: 7/7
   300 | D        | Found an ornate altar of the Wu Jian Council.
   300 | D        | Found a shimmering blue altar of Sif Muna.
   302 | D        | Found a radiant altar of Vehumet.
   357 | D        | Found Zefe's Book Emporium.
   357 | D        | Found an ancient bone altar of Kikubaaqudgha.
   357 | D        | Found a hazy altar of Hepliaklqana.
   357 | D        | Found a stormy altar of Qazlal.
   357 | D        | Found a hide-covered altar of Uskayaw.
   357 | D        | Found a blossoming altar of Fedhas.
   357 | D        | Found a bloodstained altar of Trog.
   357 | D        | Found an iron altar of Okawaru.
   357 | D        | Found a basalt altar of Yredelemnul.
   357 | D        | Found a glowing golden altar of the Shining One.
   357 | D        | Found a snail-covered altar of Cheibriados.
   357 | D        | Found a sacrificial altar of Ru.
   357 | D        | Found a glowing silver altar of Zin.
   357 | D        | Found a shadowy altar of Dithmenos.
   357 | D        | Found a white marble altar of Elyvilon.
   361 | D        | Reached **** piety under Trog
   362 | D        | Found an opulent altar of Gozag.
   363 | D        | Found a sparkling altar of Nemelex Xobeh.
   375 | D        | Noticed a centaur warrior
   375 | D        | Noticed a centaur warrior
   382 | D        | Killed a centaur warrior
   383 | D        | Reached skill level 15 in Long Blades
   387 | D        | Killed a centaur warrior
   388 | D        | Reached skill level 15 in Fighting
   388 | D        | Reached skill level 16 in Long Blades
   388 | D        | Reached skill level 10 in Armour
   388 | D        | Reached XP level 9. HP: 97/97 MP: 8/8
   498 | D        | Noticed a deep troll
   506 | D        | Killed a deep troll
   518 | D        | Found Lurar's Armour Emporium.
   523 | D        | Bought a +2 cloak of poison resistance for 185 gold pieces
   531 | D        | Bought a +0 pair of boots for 45 gold pieces
   577 | D        | Reached ***** piety under Trog
   578 | D        | Reached skill level 17 in Long Blades
   617 | D        | Noticed an oklob plant
   624 | D        | Killed an oklob plant
   646 | D        | Killed a gargoyle
   806 | D        | Killed an unseen horror
   806 | D        | Received a gift from Trog
   807 | D        | Reached XP level 10. HP: 107/107 MP: 9/9
  1042 | D        | Reached skill level 18 in Long Blades
  1062 | D        | Received a gift from Trog
  1091 | D        | Found Uwot's Jewellery Shoppe.
  1091 | D        | Found Jyuvusch's Jewellery Shop.
  1091 | D        | Found Uwnunwin's Magic Scroll Boutique.
  1093 | D        | Found Xionteag's Jewellery Emporium.
  1093 | D        | Found Holumpew's Armour Shop.
  1093 | D        | Found Ufaxkem's General Store.
  1093 | D        | Found Qattej's Book Boutique.
  1093 | D        | Found Gedghant's Magic Scroll Emporium.
  1093 | D        | Found Ucrusaip's Antique Armour Shop.
  1093 | D        | Found Duisikk's Magic Scroll Shoppe.
  1097 | D        | Bought the ring "Vaodgheru" {rElec rCorr MP-9 Str+3 Dex+5}
                  | for 446 gold pieces
  1099 | D        | Found Anickyab's General Store.
  1100 | D        | Found Pialargh's Weapon Emporium.
  1100 | D        | Found Igohap's Weapon Boutique.
  1101 | D        | Found Hump's Antique Weapon Emporium.
  1106 | D        | Bought a scroll of acquirement for 624 gold pieces
  1106 | D        | Acquired 721 gold pieces
  1107 | D        | Acquired the ring "Qoarur" {Fire rPois rCorr MP+9 Dex+4}
  1190 | D        | Noticed Sonja
  1196 | D        | Killed Sonja
  1196 | D        | Reached ****** piety under Trog
  1247 | D        | Found Zivyb's Distillery.
  1357 | D        | Noticed a shining eye
  1357 | D        | Noticed a shining eye
  1357 | D        | Noticed a shining eye
  1357 | D        | Noticed a shining eye
  1357 | D        | Noticed a shining eye
  1357 | D        | Noticed a shining eye
  1358 | D        | Identified the +9 quarterstaff of Fragile Peace {vorpal,
                  | rElec rN+++ rCorr Dex-3} (Trog gifted it to you in the
                  | Dungeon)
  1358 | D        | Received a gift from Trog
  1358 | D        | Gained mutation: You occasionally shout uncontrollably at
                  | your foes. [a shining eye]
  1359 | D        | Paralysed by a floating eye for 2 turns
  1361 | D        | Gained mutation: You are clumsy. (Dex -2) [a shining eye]
  1363 | D        | Killed a shining eye
  1365 | D        | Gained mutation: You are frail. (-10% HP) [a shining eye]
  1366 | D        | Paralysed by a floating eye for 2 turns
  1367 | D        | Gained mutation: You passively map a small area around you.
                  | [a shining eye]
  1368 | D        | Gained mutation: You are weak. (Str -2) [a shining eye]
  1369 | D        | Gained mutation: You sometimes lose the ability to read
                  | scrolls when taking damage. [a shining eye]
  1370 | D        | Killed a shining eye
  1371 | D        | Reached skill level 19 in Long Blades
  1371 | D        | Reached skill level 1 in Stealth
  1371 | D        | Gained mutation: You are partially covered in large bone
                  | plates. (SH +4) [a shining eye]
  1372 | D        | Killed a shining eye
  1373 | D        | Reached skill level 15 in Armour
  1373 | D        | Gained mutation: You are very weak. (Str -4) [a shining
                  | eye]
  1375 | D        | Killed a shining eye
  1375 | D        | Received a gift from Trog
  1375 | D        | Gained mutation: Your body sometimes deteriorates upon
                  | taking damage. [a shining eye]
  1376 | D        | Killed a shining eye
  1376 | D        | Gained mutation: You are very frail. (-20% HP) [a shining
                  | eye]
  1377 | D        | Reached XP level 11. HP: 93/93 MP: 10/10
  1378 | D        | Killed a shining eye
  1384 | D        | Noticed a shining eye
  1384 | D        | Noticed a shining eye
  1390 | D        | Killed a shining eye
  1393 | D        | Gained mutation: Potions are less effective at restoring
                  | your health. [a shining eye]
  1396 | D        | Killed a shining eye
  1397 | D        | Reached skill level 20 in Long Blades
  1403 | D        | Found Touriosa's Book Shop.
  1403 | D        | Found Veosu's Distillery.
  1403 | D        | Found Narucuqo's Antique Armour Boutique.
  1403 | D        | Found Qolimer's Armour Emporium.
  1496 | D        | Noticed a lindwurm
  1500 | D        | Killed a lindwurm
  1508 | D        | Received a gift from Trog
  1514 | D        | Reached skill level 21 in Long Blades
  1520 | D        | Reached skill level 1 in Staves
  1523 | D        | Reached skill level 10 in Dodging
  1539 | D        | Received a gift from Trog
  1733 | D        | Killed a lorocyproca
  1734 | D        | Reached skill level 5 in Staves
  2269 | D        | Noticed a daeva
  2292 | D        | Reached skill level 1 in Shields
  2618 | D        | Killed a daeva
  2618 | D        | Received a gift from Trog
  2639 | D        | Reached XP level 12. HP: 27/104 MP: 11/11
  2941 | D        | Identified the +7 shortbow of the Blessed Realm {venom,
                  | *Slow rElec Will+}
  2960 | D        | Noticed a fire giant
  2980 | D        | Mangled by a fire giant

Illustrated notes

Levels and vault maps discovered:
D:        dungeon_sprint_1 [red_sonja_temple_1, red_sonja_temple_small_1]

Skill      XL: |  1  2  3  4  5  6  7  8  9 10 11 |
---------------+----------------------------------+-----
Fighting       | 5 7 9 11 13 15 16 17 19 | 19.5
Long Blades    | 5 7 10 11 12 14 16 17 19 21 | 21.6
Armour         | 3 4 5 6 8 10 12 15 17 | 17.5
Dodging        | 3 4 5 6 7 8 9 10 | 10.2
Stealth        | 1 2 |  2.4
Staves         | 8 |  8.5
Shields        | 1 |  1.7
Evocations     | |  0.7

Action                   |  1- 3 |  4- 6 |  7- 9 | 10-12 || total
-------------------------+-------+-------+-------+-------++-------
Melee: Falchion          |     7 |     9 |    63 |    15 ||    94
       Headbutt          |     1 |     3 |    12 |    35 ||    51
       Punch             |       |       |     1 |     1 ||     2
       Great sword       |       |       |       |    66 ||    66
       Quarterstaff      |       |       |       |    77 ||    77
Invok: Berserk           |     2 |     2 |     5 |     7 ||    16
Evoke: Wand              |       |       |       |     2 ||     2
  Use: Scroll            |       |       |       |     2 ||     2
       Potion            |       |       |       |     1 ||     1
Armor: Chain mail        |       |     4 |    39 |    85 ||   128
Dodge: Dodged            |     1 |       |    25 |    65 ||    91
Block: Other             |       |       |       |    10 ||    10
